 Dungeon Crawl Stone Soup version 0.18.1-8-gdd0e5ea (webtiles) character file.

465 Hipnos the Digger (level 7, -6/36 HPs)
             Began as a Gargoyle Earth Elementalist on May 23, 2016.
             Mangled by Scuka's ghost (15 damage)
             ... on level 4 of the Dungeon.
             The game lasted 00:12:48 (3593 turns).

Hipnos the Digger (Gargoyle Earth Elementalist)     Turns: 3593, Time: 00:12:48

Health: -6/36      AC:  6    Str: 12    XL:     7   Next: 8%
Magic:  7/22       EV: 12    Int: 17    God:
Gold:   149        SH:  0    Dex: 10    Spells: 4 memorised, 4 levels left

rFire  . . .     SeeInvis .     g - +1 whip (elec)
rCold  . . .     Gourm    .     a - +0 robe
rNeg   + . .     Faith    .     (no shield)
rPois  ∞         Spirit   .     (no helmet)
rElec  +         Dismiss  .     (no cloak)
rCorr  .         Reflect  .     (no gloves)
SustAt .         Harm     .     (no boots)
MR     .....                    (no amulet)
Stlth  ++........               (no ring)
                                j - ring of magical power

@: about to teleport, not resistant to hostile enchantments, unstealthy
A: negative energy resistance 1, electricity resistance, unbreathing,
petrification resistance, rot immunity, AC +4
a: no special abilities


You were on level 4 of the Dungeon.
You were hungry.

You visited 1 branch of the dungeon, and saw 4 of its levels.

You collected 149 gold pieces.

Inventory:

Hand Weapons
 g - a +1 whip of electrocution (weapon)
Missiles
 b - 48 stones (quivered)
Armour
 a - a +0 robe (worn)
Jewellery
 j - a ring of magical power (left hand)
Scrolls
 e - 5 scrolls of identify {unknown}
 f - a scroll of immolation
 h - 2 scrolls of enchant armour {unknown}
 n - 2 scrolls of enchant weapon
Potions
 i - 2 potions of flight
 k - a potion of agility {unknown}
 m - a potion of cancellation
 o - a potion of degeneration {unknown}
Books
 c - a book of Geomancy

   Spells                             Type                      Level
   a - Sandblast                      Earth                        1
   b - Passwall                       Transmutation/Earth          2
   c - Stone Arrow                    Conjuration/Earth            3
   d - Petrify                        Transmutation/Earth          4
   e - Lee's Rapid Deconstruction     Earth                        5
Comestibles
 d - 4 bread rations


   Skills:
 + Level 2.4 Dodging
 - Level 2.1 Stealth
 + Level 4.0 Spellcasting
 + Level 0.7 Transmutations
 * Level 7.5 Earth Magic


You had 4 spell levels left.
You knew the following spells:

 Your Spells              Type           Power        Failure   Level  Hunger
a - Sandblast             Erth           ####..       1%          1    None
b - Passwall              Trmt/Erth      ###.......   4%          2    ##.....
c - Stone Arrow           Conj/Erth      ###...       12%         3    ###....
d - Petrify               Trmt/Erth      ###.....     30%         4    ####...


Dungeon Overview and Level Annotations

Branches:
Dungeon (4/15)
 Temple: D:4-7

Altars:
Okawaru

Annotations:
D:4 Scuka's ghost, novice GrFi


Innate Abilities, Weirdness & Mutations

You are resistant to torment.
Your stone body is resilient (AC +4).
You are immune to poison.
You resist negative energy.
You are resistant to electric shocks.
You can survive without breathing.
You are immune to petrification.
You are immune to rotting.


Message History

It was a scroll of immolation.
Scuka's ghost hits you!
Read which item? (? for menu, Esc to quit)
As you read the scroll labeled YBINAT XEINA, it crumbles to dust.
It is a scroll of enchant weapon.
Enchant which weapon? (? for menu, Esc to quit)
Your +0 whip of electrocution glows red for a moment.
Scuka's ghost hits you.
* * * LOW HITPOINT WARNING * * *
What do you say? t - Shout!
Orders for allies: a - Attack new target. p - Attack previous target. r - Retreat! s - Stop attacking. w - Wait here. f - Follow me.
Anything else - Stay silent.
Okay, then.
Read which item? (? for menu, Esc to quit)
As you read the scroll labeled DYNGUC VEUPH, it crumbles to dust.
You feel strangely unstable.
It was a scroll of teleportation.
Scuka's ghost hits you!
You die...

##................#
##..♣...♣...♣...♣..#
##..................#
#......♣...♣...♣...##
##..................#
#.....♣...♣...♣...♣.#
#..................##
#.......#####W.####
#...........@.##
##......#######
##....## ##.#.# ##.##
##.# #..#############
#.###..........#
#..............#


You could see Scuka's ghost (inner flame).

Vanquished Creatures
  Grinder (D:3)
  Jessica (D:2)
  Natasha (thrice) (D:2)
  Robin (D:3)
  3 adders
  3 worms (D:3)
  6 dart slugs
  2 giant geckos (D:3)
  5 orcs (D:3)
  11 bats
  2 giant cockroaches
  14 goblins
  15 hobgoblins
  9 jackals (D:3)
  3 quokkas (D:3)
  A ball python (D:1)
  4 giant newts
  2 kobolds
  7 rats
93 creatures vanquished.

Notes
Turn   | Place    | Note
--------------------------------------------------------------
     0 | D:1      | Hipnos the Gargoyle Earth Elementalist began the quest for the Orb.
     0 | D:1      | Reached XP level 1. HP: 10/10 MP: 3/3
   145 | D:1      | Reached skill level 4 in Earth Magic
   168 | D:1      | Reached XP level 2. HP: 15/15 MP: 0/5
   439 | D:1      | Found an iron altar of Okawaru.
   568 | D:1      | Reached XP level 3. HP: 8/19 MP: 0/6
   881 | D:2      | Noticed Natasha
   884 | D:2      | Killed Natasha
   971 | D:2      | Reached XP level 4. HP: 24/24 MP: 4/8
   994 | D:2      | Reached skill level 5 in Earth Magic
   999 | D:2      | Noticed Natasha
  1001 | D:2      | Killed Natasha
  1049 | D:2      | Noticed Natasha
  1058 | D:2      | Killed Natasha
  1058 | D:2      | Reached XP level 5. HP: 28/28 MP: 0/9
  1232 | D:2      | Learned a level 2 spell: Passwall
  1236 | D:2      | Learned a level 3 spell: Stone Arrow
  1241 | D:2      | Learned a level 4 spell: Petrify
  1254 | D:2      | Noticed Jessica
  1264 | D:2      | Killed Jessica
  1659 | D:3      | Noticed Robin
  1666 | D:3      | Reached skill level 6 in Earth Magic
  1678 | D:3      | Killed Robin
  1796 | D:3      | Noticed Grinder
  1796 | D:3      | Paralysed by Grinder for 5 turns
  1815 | D:3      | Paralysed by Grinder for 6 turns
  1835 | D:3      | Killed Grinder
  1835 | D:3      | Reached skill level 7 in Earth Magic
  1835 | D:3      | Reached XP level 6. HP: 4/32 MP: 11/11
  2492 | D:3      | Reached XP level 7. HP: 16/36 MP: 8/13
  3540 | D:4      | Noticed Scuka's ghost (novice GrFi)
  3593 | D:4      | Mangled by Scuka's ghost

Skill      XL: |  1  2  3  4  5  6 |
---------------+-------------------+-----
Earth Magic    | 4 5 7 |  7.5
Spellcasting   | 3 4 |  4.0
Dodging        | 2 |  2.4
Stealth        | |  2.1
Transmutations | |  0.7

Action                   |  1- 3 |  4- 6 |  7- 9 || total
-------------------------+-------+-------+-------++-------
Melee: Unarmed           |       |     2 |       ||     2
       Whip              |       |     4 |    66 ||    70
 Cast: Sandblast         |    38 |   126 |    12 ||   176
       Petrify           |       |       |     5 ||     5
  Use: Potion            |       |     6 |       ||     6
       Scroll            |       |       |     3 ||     3
 Stab: Sleeping          |       |       |     2 ||     2
  Eat: Chunk             |     1 |     4 |     4 ||     9
Armor: Robe              |    21 |    39 |    26 ||    86
Dodge: Dodged            |    36 |    68 |    57 ||   161
